 Dungeon Crawl Stone Soup version 0.28-a0-2-g643f2454ad (webtiles) character file.

Game seed: 13103302605829045888

156 Spectrina the Sneak (level 5, 0/40 HPs)
             Began as a Djinni Delver on July 22, 2021.
             Slain by an ufetubus (3 damage)
             ... on level 3 of the Dungeon on July 23, 2021.
             The game lasted 00:04:36 (443 turns).

Spectrina the Sneak (Djinni Delver)                  Turns: 443, Time: 00:04:37

Health: 0/40       AC:  3    Str: 11    XL:     5   Next: 64%
Gold:   64         EV: 12    Int: 12    God:
                   SH:  0    Dex: 15

rFire   + + .      SeeInvis .   m - +0 quarterstaff
rCold   x . .      Faith    .   (shield currently unavailable)
rNeg    . . .      Spirit   .   a - +0 leather armour
rPois   ∞          Reflect  .   (no helmet)
rElec   .          Harm     .   (no cloak)
rCorr   .          Rampage  .   (no gloves)
Will    .....                   (boots unavailable)
Stlth   ++........              (no amulet)
HPRegen 0.13/turn               (no ring)
MPRegen 0.00/turn               (no ring)

@: flying
A: sickness immunity, fire resistance 2, cold vulnerability 1, float, innate
caster, hp casting, extra vitality 1
a: no special abilities


You were on level 3 of the Dungeon.
You visited 1 branch of the dungeon, and saw 5 of its levels.

You collected 64 gold pieces.

Inventory:

Hand Weapons
 m - a +0 quarterstaff (weapon)
Missiles
 i - 18 stones (quivered)
Armour
 a - a +0 leather armour (worn)
Wands
 f - a wand of digging (9)
 l - a wand of iceblast (8)
Scrolls
 b - a scroll of fog
 c - a scroll of magic mapping
 d - a scroll of fear
Potions
 e - a potion of haste
 g - a potion of mutation {unknown}
 h - a potion of flight
 j - a potion of degeneration {unknown}
 k - a potion of magic {unknown}


   Skills:
 - Level 3.0 Fighting
 - Level 2.1 Dodging
 - Level 4.1 Stealth
 - Level 2.0 Unarmed Combat
 + Level 3.6 Spellcasting


You had 8 spell levels left.
You knew the following spells:

 Your Spells              Type           Power      Damage    Failure   Level
a - Freeze                Ice            44%        1d6       7%          1
q - Static Discharge      Conj/Air       11%        N/A       10%         2
Your spell library was empty.

Dungeon Overview and Level Annotations

Branches:
Dungeon (6/15)
 Temple: D:4-7

Altars:

Shops:
D:3 :


Innate Abilities, Weirdness & Mutations

You are immune to sickness and miasma.
You are immune to poison.
Your flesh is very heat resistant. (rF++)
You are vulnerable to cold. (rC-)
You float through the air rather than walking.
You learn spells naturally, not from books.
Your magical power is your life essence.
You have superior vitality. (+4 HP)


Message History

Aiming: Freeze (safe; 7% risk of failure)
Press: ? - help, Shift-Dir - straight line, f - rat
Aim: a rat You freeze the rat.
You kill the rat!
* * * LOW HITPOINT WARNING * * *
You now have 64 gold pieces (gained 16).
There is a stone staircase leading down here.
You fly downwards.
There is a stone staircase leading up here.
A giant cockroach is nearby!
A giant cockroach is nearby!
Unknown command.
An ufetubus comes into view.
The ufetubus barely misses you. x2
The giant cockroach barely misses you. The ufetubus barely misses you. x2
There is a stone staircase leading up here.
Press: ? - help, v - describe, . - travel
Here: an ufetubus The floor.
The ufetubus misses you. The ufetubus barely misses you.
You see here a bat corpse.
The ufetubus hits you but does no damage.
The ufetubus hits you.
* * * LOW HITPOINT WARNING * * *
The giant cockroach bites you.
* * * LOW HITPOINT WARNING * * *
Casting: Freeze (safe; 7% risk of failure)
Confirm with . or Enter, or press ? or * to list all spells.
The ufetubus is struck by an arc of lightning.
The ufetubus is severely wounded.
You are struck by an arc of lightning.
* * * LOW HITPOINT WARNING * * *
The lightning grounds out.
* * * LOW HITPOINT WARNING * * *
The ufetubus hits you.
* * * LOW HITPOINT WARNING * * *
The ufetubus barely misses you. The ufetubus hits you.
You die...

.####
#........#
##.......##
#...###..#
#....#..#####
#.#####..# #.
##.# ..
#.#### #
#....# ####@#
##5# ####.B#
##....†##
#......<##
#.........#
#.........#
#.........#
..........#


You could see an ufetubus and a giant cockroach.

Vanquished Creatures
  A scorpion (D:4)
  A hound (D:3)
  A centaur zombie (D:5)
  A bullfrog skeleton (D:5)
  An adder (D:4)
  An endoplasm (D:3)
  A bat (D:3)
  2 frilled lizards (D:3)
  A kobold (D:4)
  A rat (D:2)
11 creatures vanquished.

Notes
Turn   | Place    | Note
-------+----------+-------------------------------------------
     0 | D:5      | Spectrina the Djinni Delver began the quest for the Orb.
     0 | D:5      | Reached XP level 1. HP: 20/20 MP: 0/0
    47 | D:5      | Reached skill level 1 in Spellcasting
    47 | D:5      | Reached XP level 2. HP: 22/25 MP: 0/0
    47 | D:5      | Reached XP level 3. HP: 26/30 MP: 0/0
    47 | D:5      | Learned a level 1 spell: Freeze
   106 | D:5      | Reached XP level 4. HP: 11/35 MP: 0/0
   153 | D:4      | Noticed a scorpion
   255 | D:4      | Killed a scorpion
   256 | D:4      | Reached XP level 5. HP: 20/40 MP: 0/0
   256 | D:4      | Learned a level 2 spell: Static Discharge
   364 | D:3      | HP: 1/40 [hound (3)]
   404 | D:3      | Found Lafen's Book Shoppe.
   443 | D:3      | Slain by an ufetubus

Illustrated notes

Levels and vault maps discovered:
D:2:      layout_basic, uniq_sigmund, uniq_robin
D:3:      layout_rooms, serial_shops, shop
D:4:      layout_rooms
D:5:      layout_loops_ring, minmay_temple_entry_junction,
          amcnicky_mini_corridor_feature, uniq_grinder, uniq_duvessa,
          uniq_prince_ribbit1
D:6:      layout_cave_pools, kennysheep_dice

Skill      XL: |  1  2  3  4 |
---------------+-------------+-----
Spellcasting   | 1 2 3 |  3.6
Fighting       | |  3.0
Dodging        | |  2.1
Stealth        | |  4.1
Unarmed Combat | |  2.0

Action                   |  1- 3 |  4- 6 || total
-------------------------+-------+-------++-------
Melee: Unarmed           |    32 |     1 ||    33
       Quarterstaff      |       |     2 ||     2
 Cast: Freeze            |       |    10 ||    10
       Static Discharge  |       |     8 ||     8
Evoke: Wand              |       |     1 ||     1
  Use: Potion            |       |     3 ||     3
 Stab: Sleeping          |     1 |     1 ||     2
Armor: Leather armour    |    15 |     5 ||    20
Dodge: Dodged            |    33 |    21 ||    54

Table legend: (Time is in decaauts)
 A = Elapsed time spent in this place.
 B = Non-inter-level travel time spent in this place.
 C = Inter-level travel time spent in this place.
 D = Time resting spent in this place.
 E = Time spent auto-exploring this place.
 F = Levels seen in this place.
 G = Mean time per level.
                   A        B        C        D        E       F      G
               +--------+--------+--------+--------+--------+-----+--------+
         Total |    444 |    444 |      0 |      0 |      0 |   5 |   88.8 |
       Dungeon |    444 |    444 |      0 |      0 |      0 |   5 |   88.8 |
               +--------+--------+--------+--------+--------+-----+--------+

Top non-repeatable levels by time:
     D:4: 227 daAuts
     D:3: 113 daAuts
     D:5: 81 daAuts
     D:2: 20 daAuts
     D:6: 1 daAuts
